 Dungeon Crawl Stone Soup version 0.31-a0-210-gccc998df9b (webtiles) character file.

Game seed: 10803553850751642508

127792 qw the Severer (level 17, -8/113 HPs)
             Began as a Gargoyle Fighter on June 29, 2023.
             Was a High Priest of Okawaru.
             Killed by divine providence
             ... invoked by a meliai
              (12 damage)
             ... on level 1 of the Spider Nest.
             The game lasted 00:15:29 (24141 turns).

qw the Severer (Gargoyle Fighter)                  Turns: 24141, Time: 00:15:30

Health: -8/113     AC: 54    Str: 33    XL:     17   Next: 1%
Magic:  21/24      EV: 11    Int:  9    God:    Okawaru [*****.]
Gold:   2710       SH: 14    Dex:  9    Spells: 16/16 levels left

rFire   . . .        Y - +4 war axe (freeze)
rCold   + . .        A - +0 kite shield
rNeg    + . .        s - +9 plate armour of Servitude {rC+}
rPois   inf          (no helmet)
rElec   +            z - +2 cloak
rCorr   .            D - +1 pair of gloves {Str+3}
SInv    .            j - +2 pair of boots {Fly}
Will    +++..        v - amulet of faith Stlth
                     F - ring "Toof" {+Blink Will+ AC+4}
HPRegen 0.38/turn    r - ring of Symmetry {Wiz Str+2 Slay+2}
MPRegen 0.19/turn

%: clarity, faith, wizardry (x1)
@: about to teleport, heroic, flying, slowed, very slow
A: sickness immunity, AC +12, big wings, negative energy resistance 1,
electricity resistance, torment resistance 1, petrification resistance, clarity,
strong-willed 1, screaming 1
a: Renounce Religion, Evoke Blink, Heroism, Finesse, Duel


You were on level 1 of the Spider Nest.
You worshipped Okawaru.
Okawaru was extremely pleased with you.
You visited 4 branches of the dungeon, and saw 23 of its levels.
You also visited: Gauntlet.

You collected 3521 gold pieces.
You spent 811 gold pieces at shops.


Innate Abilities, Weirdness & Mutations

You are immune to sickness and miasma.
Your stone body is resilient. (AC +12)
You are immune to poison.
Your large and strong wings let you fly.
You resist negative energy. (rN+)
You are resistant to electric shocks. (rElec)
You are resistant to unholy torment.
You are immune to petrification.
You possess an exceptional clarity of mind.
You are strong-willed. (Will+)
You occasionally shout uncontrollably at your foes.


   Skills:
 - Level 15.0(20.0) Fighting
 - Level 16.0(21.0) Axes
 - Level 7.9(12.9) Throwing
 - Level 13.0(18.0) Armour
 + Level 3.3(8.3) Dodging
 - Level 14.0(19.0) Shields
 - Level 10.0 Invocations


You had 16 spell levels left.
You didn't know any spells.
Your spell library was empty.

Inventory:

Hand Weapons
 a - a +2 morningstar of venom
 y - the +4 broad axe "Niezxov" {protect, Fragile Will++ Int+4}
   (Okawaru gifted it to you on level 3 of the Lair of Beasts)

   Int:       It affects your intelligence (+4).
   Fragile:   It will be destroyed if unequipped.
   Will:      It greatly increases your willpower.
 Y - a +4 war axe of freezing (weapon)
Missiles
 b - 10 boomerangs
 u - a javelin (quivered)
Armour
 j - a +2 pair of boots of flying (worn)
 k - +0 acid dragon scales
 s - the +9 plate armour of Servitude (worn) {rC+}
   (You found it in a Gauntlet)

   rC:        It protects you from cold.
 z - a +2 cloak (worn)
 A - a +0 kite shield (worn)
 B - the +5 chain mail of Doichil {-Tele Harm rElec rCorr}
   (Okawaru gifted it to you on level 4 of the Lair of Beasts)

   rElec:     It insulates you from electricity.
   -Tele:     It prevents most forms of teleportation.
   rCorr:     It protects you from acid and corrosion.
   Harm:      It increases damage dealt and taken.
 D - a +1 pair of gloves of strength (worn)
Jewellery
 c - an amulet of reflection
 r - the ring of Symmetry (right hand) {Wiz Str+2 Slay+2}
   (You took it off an orc priest on level 6 of the Dungeon)

   [ring of wizardry]

   It improves your spell success rate.
   Str:       It affects your strength (+2).
   Slay:      It affects your accuracy & damage with ranged weapons and melee
   (+2).
 v - an amulet of faith (around neck)
 w - a ring of protection from fire
 C - a ring of resist corrosion
 E - the ring "Yhues" {rF+ MP+9}
   (You found it on level 5 of the Lair of Beasts)

   [ring of magical power]

   rF:        It protects you from fire.
   MP:        It affects your magic capacity (+9).
 F - the ring "Toof" (left hand) {+Blink Will+ AC+4}
   (You found it on level 5 of the Lair of Beasts)

   [ring of protection]

   AC:        It affects your AC (+4).
   +Blink:    It lets you blink.
   Will:      It increases your willpower.
 G - a ring of ice
Scrolls
 e - 10 scrolls of teleportation
 f - 13 scrolls of identify
Potions
 d - 3 potions of might
 g - a potion of attraction
 h - 2 potions of enlightenment
 l - 2 potions of magic
 n - 3 potions of haste
 o - 9 potions of curing
 p - 2 potions of lignification
 q - 4 potions of cancellation

Dungeon Overview and Level Annotations

Branches:
Dungeon (15/15)            Temple (0/1) D:4            Lair (5/5) D:10
 Shoals (0/4) Lair:3       Spider (1/4) Lair:2        Slime (0/5) Lair:4
    Orc (2/2) D:11            Elf (0/3) Orc:2        Vaults (0/5) D:13
 Depths (0/4) D:15        Gauntlet (visited)

Altars:
Ashenzari
Gozag
Makhleb
Nemelex Xobeh
Okawaru
Sif Muna
Trog
Uskayaw
Vehumet
Xom
Yredelemnul
Zin
The Shining One
Jiyva

Shops:
D:1 :?   D:6 =   D:15 :   Orc:2 ([[**

Portals:
Trove: D:12 (give 17 potions of curing)

Annotations:
D:5 exclusion: moth of wrath
D:6 2 transporters


Message History

Okawaru accepts your kill.
You hit the demonic crawler but do no damage.
A culicivora comes into view.
You yell at the culicivora!
You block the demonic crawler's attack. The demonic crawler hits you.
You block the demonic crawler's attack.
The culicivora's many legs skitter faintly.
You hear a faint skittering sound. x2; You hear a shout!
You hear a skittering sound. x2; You hear a faint skittering sound.
Your base Fighting skill increases to level 15!
You have reached level 17!
You carve the demonic crawler like a ham!!!
You freeze the demonic crawler.
You kill the demonic crawler!
Okawaru accepts your kill.
A culicivora comes into view.
24138 ||| Stepping ~*~*~tactically~*~*~ (hiding).
Your surroundings suddenly seem different.
The meliai buzzes angrily.
The tarantella's many legs skitter faintly.
The meliai hits you but does no damage.
The meliai stings you but does no damage.
24139 ||| READING 11 scrolls of teleportation.
As you read the scroll of teleportation, it crumbles to dust.
You feel strangely unstable. The meliai barely misses you. x2
Being near the torpor snail leaves you feeling lethargic.
The meliai hits you but does no damage.
The meliai stings you but does no damage.
You hit the meliai. You freeze the meliai.
The meliai is almost dead.
You block the meliai's attack.
The meliai stings you but does no damage.
The meliai invokes the aid of its god against you.
Something smites you!
You closely miss the wolf spider.
The wolf spider is almost dead.
You hit the meliai but do no damage.
The meliai calls down the wrath of its god upon you.
Something smites you!
You die...

..## .#.. #.
...###... .##
##...#^.#.. #..
......#...#..
^#...w..#..# .
#..s....#ss## ..
#.#.)%s#ss^# .y# #@#
#%<)## .B..
#ys^w%#y%# ..s.s
.......#)!#...##
.......##.%....#
.....#......#.^...
.#..#.###...#..#?(^
#...##.......###....
.... .....#.. #..
#..#.#(. #


You could see a torpor snail, a wolf spider, a tarantella (soul bound) and a
meliai.

Vanquished Creatures
  An emperor scorpion (Spider:1)
  A broodmother (Spider:1)
  Nessos (Lair:4)
  A minotaur (Gauntlet)
  Snorg (D:11)
  2 fire dragons (D:14)
  An entropy weaver (Lair:2)
  A vault guard (D:13)
  11 hydras
  4 ogre magi (Orc:2)
  A catoblepas (Lair:5)
  4 centaur warriors
  23 two-headed ogres
  6 boulder beetles
  A deep troll shaman (Lair:5)
  11 death yaks (Lair:5)
  A demonic crawler (Spider:1)
  A death scarab (Gauntlet)
  3 pharaoh ants (Spider:1)
  A skyshark (Lair:4)
  14 skeletal warriors
  Lodul (D:12)
  A swamp dragon (D:14)
  An orc knight (Orc:2)
  A spectral hydra (Gauntlet)
  3 wizards (D:15)
  A necromancer (D:15)
  3 wolf spiders (Spider:1)
  A deep elf pyromancer (D:14)
  8 ugly things
  An orc sorcerer (Orc:2)
  10 cyclopes
  3 manticores
  24 elephants
  A naga mage (D:15)
  4 torpor snails
  6 black mambas
  3 centaur skeletons (D:15)
  3 merfolk sirens (Lair:3)
  2 guardian serpents (D:11)
  10 cane toads
  3 kobold demonologists (D:11)
  A minotaur zombie (Gauntlet)
  5 komodo dragons
  2 rime drakes
  An unseen horror (D:12)
  2 freezing wraiths
  An efreet (D:14)
  8 trolls
  5 polar bears
  A merfolk (Lair:3)
  2 meliai (Spider:1)
  2 large abominations (Gauntlet)
  6 tarantellas
  A hornet (D:8)
  14 blink frogs
  17 dream sheep
  2 centaur simulacra
  2 culicivoras
  9 jumping spiders
  5 slime creatures
  5 water elementals (D:13)
  4 basilisks
  44 yaks
  4 wyverns
  9 humans (D:13)
  A steam dragon (Lair:2)
  Grum (D:11)
  4 vampire mosquitoes (D:10)
  19 redbacks
  4 wargs (Orc:2)
  Edmund (D:5)
  7 water moccasins
  An acid dragon (D:10)
  A swamp drake (D:11)
  11 orc warriors
  A black bear (D:7)
  3 sky beasts
  10 centaurs
  30 ogres
  41 wolves
  3 phantoms
  3 kobold brigands
  Blork the orc (D:5)
  5 small abominations (Gauntlet)
  11 bullfrogs
  2 gnoll sergeants
  6 scorpions
  16 wights
  11 killer bees (D:9)
  2 electric eels (D:13)
  A howler monkey (D:5)
  A lava snake (D:15)
  4 hounds
  4 jellies
  A gnoll bouda (D:7)
  9 orc priests
  3 sleepcaps
  5 iguanas
  13 orc wizards
  A boggart skeleton (D:15)
  Robin (D:3)
  7 adders
  20 gnolls
  A shadow imp (D:7)
  5 white imps
  An ufetubus (D:5)
  4 worms (D:5)
  2 dart slugs (D:1)
  47 orcs
  4 endoplasms
  2 giant cockroaches (D:1)
  16 goblins
  11 hobgoblins
  17 kobolds
  2 quokkas
  10 ball pythons
  8 bats
  A frilled lizard (D:1)
  4 rats
732 creatures vanquished.

Vanquished Creatures (others)
  A wizard (Gauntlet)
  2 humans (D:13)
3 creatures vanquished.

Grand Total: 735 creatures vanquished

Notes
Turn   | Place    | Note
-------+----------+-------------------------------------------
     0 | D:1      | qw the Gargoyle Fighter began the quest for the Orb.
     0 | D:1      | Reached XP level 1. HP: 14/14 MP: 1/1
     0 | D:1      | 0 ||| qw: Version: 0.3-a-24-ga2abf7b
     0 | D:1      | 0 ||| qw: Game counter: 6751
     0 | D:1      | 0 ||| qw: Melee chars always use a shield: true
     0 | D:1      | 0 ||| qw: God list: Okawaru
     0 | D:1      | 0 ||| qw: Allow faded altars: false
     0 | D:1      | 0 ||| qw: Do Orc after clearing Dungeon:15 true
     0 | D:1      | 0 ||| qw: Do second Lair branch before Depths: true
     0 | D:1      | 0 ||| qw: Lair rune preference: random
     0 | D:1      | 0 ||| qw: Goals: Normal, Zot:1-4, Slime:5, God:TSO, Crypt,
                  | Tomb, Abyss, Pan, Hells, Win
     0 | D:1      | 0 ||| PLANNING D:1-11
    52 | D:1      | Reached skill level 2 in Axes
   211 | D:1      | Reached XP level 2. HP: 18/19 MP: 2/2
   553 | D:1      | 553 ||| Stepping ~*~*~tactically~*~*~ (hiding).
   561 | D:1      | Reached skill level 3 in Axes
   681 | D:1      | Reached XP level 3. HP: 23/23 MP: 3/3
   689 | D:1      | Found Wutarhealu's Book Shoppe.
   967 | D:1      | Found The Oracle's Delphic Readings.
   974 | D:1      | 974 ||| BUYING scroll of identify (28 gold).
   974 | D:1      | Bought a scroll of identify for 28 gold pieces
   974 | D:1      | 974 ||| SHOPLISTING scroll of teleportation (42 gold, have
                  | 30).
  1001 | D:1      | 1001 ||| DROPPING scarf of shadows.
  1002 | D:1      | 1002 ||| READING scroll labelled HUAS KOEMEWN.
  1003 | D:1      | 1003 ||| READING scroll labelled DOAPAES HOCIS.
  1052 | D:2      | Found an iron altar of Okawaru.
  1053 | D:2      | 1053 ||| PLANNING OKAWARU WORSHIP
  1068 | D:2      | Became a worshipper of Warmaster Okawaru
  1069 | D:2      | 1069 ||| PLANNING D:1-11
  1075 | D:2      | 1075 ||| Stepping ~*~*~tactically~*~*~ (stealth).
  1076 | D:2      | 1076 ||| Stepping ~*~*~tactically~*~*~ (stealth).
  1077 | D:2      | 1077 ||| Stepping ~*~*~tactically~*~*~ (stealth).
  1435 | D:2      | Reached XP level 4. HP: 28/28 MP: 4/4
  1891 | D:2      | 1891 ||| UPGRADING to +0 scale mail of fire resistance.
  1901 | D:2      | 1901 ||| DROPPING +0 scale mail.
  1902 | D:2      | 1902 ||| READING scroll labelled ANUXAO FEQIA.
  1903 | D:2      | 1903 ||| DRINKING 2 blue potions.
  1904 | D:2      | 1904 ||| READING 3 scrolls of identify.
  1904 | D:2      | 1904 ||| IDENTIFYING smoky cyan potion
  2006 | D:3      | 2006 ||| READING scroll of enchant weapon.
  2006 | D:3      | 2006 ||| ENCHANTING +1 war axe.
  2071 | D:3      | Reached skill level 4 in Axes
  2190 | D:3      | 2190 ||| Stepping ~*~*~tactically~*~*~ (stealth).
  2196 | D:3      | Noticed Robin
  2209 | D:3      | Killed Robin
  2216 | D:3      | Reached XP level 5. HP: 24/32 MP: 5/5
  2664 | D:3      | 2664 ||| UPGRADING to +1 pair of boots.
  2669 | D:3      | 2669 ||| UPGRADING to +0 helmet.
  2674 | D:3      | 2674 ||| READING scroll labelled OMEDUL YKENK.
  2675 | D:3      | 2675 ||| READING scroll labelled SEASHO CIMETRU.
  2676 | D:3      | 2676 ||| DRINKING 2 bubbling puce potions.
  2698 | D:3      | 2698 ||| READING 2 scrolls of identify.
  2698 | D:3      | 2698 ||| IDENTIFYING fuming cyan potion
  2747 | D:4      | Found a staircase to the Ecumenical Temple.
  2748 | D:4      | 2748 ||| PLANNING OSSUARY
  2757 | D:4      | 2757 ||| DROPPING +0 club.
  2869 | D:4      | Noticed a sky beast
  2882 | D:4      | Killed a sky beast
  2882 | D:4      | Reached * piety under Okawaru
  2883 | D:4      | Reached skill level 5 in Axes
  2995 | D:4      | Reached XP level 6. HP: 33/37 MP: 6/6
  3103 | D:4      | Reached skill level 1 in Invocations
  3152 | D:4      | 3152 ||| INVOKING Heroism.
  3153 | D:4      | 3153 ||| Stepping ~*~*~tactically~*~*~ (stealth).
  3167 | D:4      | 3167 ||| INVOKING Heroism.
  3194 | D:4      | 3194 ||| DROPPING +0 whip.
  3477 | D:4      | 3477 ||| RIP OSSUARY
  3603 | D:4      | 3603 ||| PLANNING D:1-11
  3603 | D:4      | 3603 ||| DROPPING +1 hat.
  3604 | D:4      | 3604 ||| DRINKING 2 sedimented grey potions.
  3605 | D:4      | 3605 ||| DRINKING 2 purple potions.
  3606 | D:4      | 3606 ||| READING 2 scrolls of identify.
  3606 | D:4      | 3606 ||| IDENTIFYING amethyst potion
  3607 | D:4      | 3607 ||| DROPPING potion of degeneration.
  3659 | D:5      | Entered Level 5 of the Dungeon
  3711 | D:5      | Noticed Edmund
  3712 | D:5      | 3712 ||| INVOKING Heroism.
  3729 | D:5      | 3729 ||| INVOKING Heroism.
  3733 | D:5      | Killed Edmund
  3734 | D:5      | Reached skill level 6 in Axes
  3734 | D:5      | Reached XP level 7. HP: 43/43 MP: 5/8
  3797 | D:5      | Found a broken altar of Ashenzari.
  3814 | D:5      | 3814 ||| INVOKING Heroism.
  3867 | D:5      | 3867 ||| Stepping ~*~*~tactically~*~*~ (stealth).
  3880 | D:5      | 3880 ||| Stepping ~*~*~tactically~*~*~ (stealth).
  3890 | D:5      | Reached skill level 3 in Invocations
  3988 | D:5      | Reached skill level 1 in Dodging
  4036 | D:5      | Noticed Blork the orc
  4037 | D:5      | 4037 ||| INVOKING Heroism.
  4050 | D:5      | Killed Blork the orc
  4061 | D:5      | Reached XP level 8. HP: 39/48 MP: 9/11
  4077 | D:5      | Reached skill level 7 in Axes
  4135 | D:5      | 4135 ||| Stepping ~*~*~tactically~*~*~ (hiding).
  4157 | D:5      | 4157 ||| Stepping ~*~*~tactically~*~*~ (stealth).
  4182 | D:5      | Found an iron altar of Okawaru.
  4330 | D:5      | Found a burning altar of Makhleb.
  4437 | D:5      | 4437 ||| Stepping ~*~*~tactically~*~*~ (stealth).
  4506 | D:5      | Noticed a moth of wrath
  4507 | D:5      | 4507 ||| UPGRADING to +0 chain mail.
  4515 | D:5      | 4515 ||| UPGRADING to +0 chain mail.
  4526 | D:5      | 4526 ||| DROPPING +0 swamp dragon scales.
  4527 | D:5      | 4527 ||| UPGRADING to +0 pair of gloves.
  4547 | D:5      | 4547 ||| UPGRADING to ring of positive energy.
  4548 | D:5      | 4548 ||| READING scroll labelled JEECWO XINOA.
  4549 | D:5      | 4549 ||| DRINKING 3 glowing coppery potions.
  4550 | D:5      | 4550 ||| DRINKING 2 potions of curing.
  4550 | D:5      | 4550 ||| (to cure confusion)
  4551 | D:5      | 4551 ||| DRINKING 3 sapphire potions.
  4552 | D:5      | 4552 ||| DROPPING 2 potions of ambrosia.
  4553 | D:5      | 4553 ||| DROPPING 2 potions of brilliance.
  4564 | D:5      | Found a bloodstained altar of Trog.
  4885 | D:5      | 4885 ||| Stepping randomly (stuck).
  4886 | D:5      | 4886 ||| Stepping randomly (stuck).
  4887 | D:5      | 4887 ||| Stepping randomly (stuck).
  4888 | D:5      | 4888 ||| Stepping randomly (stuck).
  4889 | D:5      | 4889 ||| Stepping randomly (stuck).
  4890 | D:5      | 4890 ||| Stepping randomly (stuck).
  4891 | D:5      | 4891 ||| Stepping randomly (stuck).
  4892 | D:5      | 4892 ||| Stepping randomly (stuck).
  4893 | D:5      | 4893 ||| Stepping randomly (stuck).
  4894 | D:5      | 4894 ||| Stepping randomly (stuck).
  4895 | D:5      | 4895 ||| Stepping randomly (stuck).
  4896 | D:5      | 4896 ||| Stepping randomly (stuck).
  4897 | D:5      | 4897 ||| Stepping randomly (stuck).
  4898 | D:5      | 4898 ||| Stepping randomly (stuck).
  4899 | D:5      | 4899 ||| Stepping randomly (stuck).
  4900 | D:5      | 4900 ||| Stepping randomly (stuck).
  4901 | D:5      | 4901 ||| Stepping randomly (stuck).
  4902 | D:5      | 4902 ||| Stepping randomly (stuck).
  4903 | D:5      | 4903 ||| Stepping randomly (stuck).
  4904 | D:5      | 4904 ||| Stepping randomly (stuck).
  4905 | D:5      | 4905 ||| Stepping randomly (stuck).
  4906 | D:5      | 4906 ||| Stepping randomly (stuck).
  4907 | D:5      | 4907 ||| Stepping randomly (stuck).
  4908 | D:5      | 4908 ||| Stepping randomly (stuck).
  4909 | D:5      | 4909 ||| Stepping randomly (stuck).
  4910 | D:5      | 4910 ||| Stepping randomly (stuck).
  4911 | D:5      | 4911 ||| Stepping randomly (stuck).
  4912 | D:5      | 4912 ||| Stepping randomly (stuck).
  4913 | D:5      | 4913 ||| Stepping randomly (stuck).
  4914 | D:5      | 4914 ||| Stepping randomly (stuck).
  4915 | D:5      | 4915 ||| Stepping randomly (stuck).
  4916 | D:5      | 4916 ||| Stepping randomly (stuck).
  4917 | D:5      | 4917 ||| Stepping randomly (stuck).
  4918 | D:5      | 4918 ||| Stepping randomly (stuck).
  4919 | D:5      | 4919 ||| Stepping randomly (stuck).
  4920 | D:5      | 4920 ||| Stepping randomly (stuck).
  4921 | D:5      | 4921 ||| Stepping randomly (stuck).
  4922 | D:5      | 4922 ||| Stepping randomly (stuck).
  4923 | D:5      | 4923 ||| Stepping randomly (stuck).
  4924 | D:5      | 4924 ||| Stepping randomly (stuck).
  4925 | D:5      | 4925 ||| Stepping randomly (stuck).
  4926 | D:5      | 4926 ||| Stepping randomly (stuck).
  4927 | D:5      | 4927 ||| Stepping randomly (stuck).
  4928 | D:5      | 4928 ||| Stepping randomly (stuck).
  4929 | D:5      | 4929 ||| Stepping randomly (stuck).
  4930 | D:5      | 4930 ||| Stepping randomly (stuck).
  4931 | D:5      | 4931 ||| Stepping randomly (stuck).
  4932 | D:5      | 4932 ||| Stepping randomly (stuck).
  4933 | D:5      | 4933 ||| Stepping randomly (stuck).
  4934 | D:5      | 4934 ||| Stepping randomly (stuck).
  4935 | D:5      | 4935 ||| Stepping randomly (stuck).
  4936 | D:5      | 4936 ||| READING 6 scrolls of teleportation.
  4937 | D:5      | 4937 ||| Stepping randomly (stuck).
  4938 | D:5      | 4938 ||| Stepping randomly (stuck).
  4939 | D:5      | 4939 ||| Stepping randomly (stuck).
  4999 | D:6      | 4999 ||| INVOKING Heroism.
  5026 | D:6      | Found a transporter.
  5028 | D:6      | Found Qout Pupp's Jewellery Boutique.
  5041 | D:6      | 5041 ||| Stepping ~*~*~tactically~*~*~ (hiding).
  5042 | D:6      | 5042 ||| Stepping ~*~*~tactically~*~*~ (hiding).
  5043 | D:6      | 5043 ||| Stepping ~*~*~tactically~*~*~ (hiding).
  5045 | D:6      | 5045 ||| Stepping ~*~*~tactically~*~*~ (hiding).
  5120 | D:6      | 5120 ||| INVOKING Heroism.
  5177 | D:6      | Identified the +9 chain mail of Irider {rPois rN+ Int+2}
  5190 | D:6      | 5190 ||| Stepping ~*~*~tactically~*~*~ (hiding).
  5196 | D:6      | 5196 ||| INVOKING Heroism.
  5216 | D:6      | Reached skill level 1 in Throwing
  5237 | D:6      | Found a transporter.
  5346 | D:6      | Reached skill level 8 in Axes
  5358 | D:6      | 5358 ||| DROPPING +0 flail.
  5388 | D:6      | Reached skill level 6 in Fighting
  5390 | D:6      | Reached ** piety under Okawaru
  5391 | D:6      | Reached XP level 9. HP: 54/55 MP: 12/12
  5396 | D:6      | Identified the ring of Symmetry {Wiz Str+2 Slay+2}
  5397 | D:6      | 5397 ||| Stepping ~*~*~tactically~*~*~ (stealth).
  5399 | D:6      | Found a shimmering altar of Xom.
  5401 | D:6      | 5401 ||| INVOKING Heroism.
  5562 | D:6      | 5562 ||| Stepping ~*~*~tactically~*~*~ (hiding).
  5574 | D:6      | 5574 ||| INVOKING Heroism.
  5647 | D:6      | 5647 ||| READING scroll of enchant weapon.
  5647 | D:6      | 5647 ||| ENCHANTING +2 war axe.
  5844 | D:6      | Found a shimmering blue altar of Sif Muna.
  5960 | D:6      | 5960 ||| DROPPING +0 scale mail of fire resistance.
  5961 | D:6      | 5961 ||| UPGRADING to +0 plate armour.
  5971 | D:6      | 5971 ||| DROPPING +0 chain mail.
  5972 | D:6      | 5972 ||| UPGRADING to +9 chain mail of Irider {rPois rN+
                  | Int+2}.
  5982 | D:6      | 5982 ||| DROPPING +0 plate armour.
  5983 | D:6      | 5983 ||| UPGRADING to ring of Symmetry {Wiz Str+2 Slay+2}.
  5984 | D:6      | 5984 ||| READING scroll labelled PAERAGHOVYL.
  5985 | D:6      | 5985 ||| DRINKING 2 metallic emerald potions.
  5985 | D:6      | Gained mutation: You are vulnerable to heat. (rF-) [potion
                  | of mutation]
  5985 | D:6      | Gained mutation: Your movements are slightly less
                  | encumbered by armour. (ER -2) [potion of mutation]
  5985 | D:6      | Gained mutation: Your spells are a little harder to cast,
                  | but a little more powerful. [potion of mutation]
  5986 | D:6      | 5986 ||| DRINKING potion of mutation.
  5986 | D:6      | Lost mutation: Your movements are slightly less encumbered
                  | by armour. (ER -2) [potion of mutation]
  5986 | D:6      | Lost mutation: You are vulnerable to heat. (rF-) [potion of
                  | mutation]
  5986 | D:6      | Lost mutation: Your spells are a little harder to cast, but
                  | a little more powerful. [potion of mutation]
  5986 | D:6      | Gained mutation: Your natural rate of healing is unusually
                  | fast. [potion of mutation]
  5986 | D:6      | Gained mutation: Your body sometimes deteriorates upon
                  | taking damage. [potion of mutation]
  5986 | D:6      | Gained mutation: You occasionally lose the ability to read
                  | scrolls when taking damage. [potion of mutation]
  5986 | D:6      | Gained mutation: Your muscles are strong. (Str +4, Int/Dex
                  | -1) [potion of mutation]
  5987 | D:6      | 5987 ||| READING 2 scrolls of identify.
  5987 | D:6      | 5987 ||| IDENTIFYING bubbling blue potion
  6053 | D:7      | 6053 ||| INVOKING Heroism.
  6167 | D:7      | Reached skill level 9 in Axes
  6252 | D:7      | 6252 ||| Stepping ~*~*~tactically~*~*~ (hiding).
  6254 | D:7      | 6254 ||| INVOKING Heroism.
  6288 | D:7      | 6288 ||| Stepping ~*~*~tactically~*~*~ (hiding).
  6291 | D:7      | 6291 ||| INVOKING Heroism.
  6438 | D:7      | 6438 ||| Stepping ~*~*~tactically~*~*~ (hiding).
  6695 | D:7      | Found a sparkling altar of Nemelex Xobeh.
  6717 | D:7      | Found a glowing silver altar of Zin.
  6717 | D:7      | Found an opulent altar of Gozag.
  6918 | D:7      | 6918 ||| READING scroll labelled OLIMOM VALA.
  6919 | D:7      | 6919 ||| READING scroll labelled BAH JEOVVUMN.
  6984 | D:8      | 6984 ||| Stepping ~*~*~tactically~*~*~ (stealth).
  7093 | D:8      | 7093 ||| INVOKING Heroism.
  7148 | D:8      | Noticed a hornet
  7156 | D:8      | Killed a hornet
  7207 | D:8      | 7207 ||| Stepping ~*~*~tactically~*~*~ (hiding).
  7230 | D:8      | 7230 ||| Stepping ~*~*~tactically~*~*~ (stealth).
  7231 | D:8      | 7231 ||| Stepping ~*~*~tactically~*~*~ (stealth).
  7232 | D:8      | 7232 ||| Stepping ~*~*~tactically~*~*~ (stealth).
  7233 | D:8      | 7233 ||| INVOKING Heroism.
  7305 | D:8      | Found a radiant altar of Vehumet.
  7456 | D:8      | Found a hide-covered altar of Uskayaw.
  7460 | D:8      | 7460 ||| Stepping ~*~*~tactically~*~*~ (hiding).
  7464 | D:8      | 7464 ||| INVOKING Heroism.
  7467 | D:8      | 7467 ||| Stepping ~*~*~tactically~*~*~ (stealth).
  7470 | D:8      | 7470 ||| Stepping ~*~*~tactically~*~*~ (stealth).
  7472 | D:8      | 7472 ||| Stepping ~*~*~tactically~*~*~ (stealth).
  7473 | D:8      | 7473 ||| Stepping ~*~*~tactically~*~*~ (hiding).
  7558 | D:8      | Identified the +4 dagger of Cataclysm {spect, rF+ rCorr
                  | Stlth-}
  7564 | D:8      | Reached skill level 10 in Axes
  7564 | D:8      | Reached XP level 10. HP: 63/63 MP: 13/13
  7703 | D:8      | 7703 ||| READING scroll labelled BIOQETELUJ.
  7720 | D:9      | Noticed a two-headed ogre
  7721 | D:9      | 7721 ||| INVOKING Heroism.
  7725 | D:9      | Killed a two-headed ogre
  7761 | D:9      | Found a basalt altar of Yredelemnul.
  7784 | D:9      | 7784 ||| DROPPING +4 flail.
  7896 | D:9      | Reached skill level 6 in Armour
  7979 | D:9      | 7979 ||| INVOKING Heroism.
  8014 | D:9      | Reached *** piety under Okawaru
  8152 | D:9      | 8152 ||| Stepping ~*~*~tactically~*~*~ (hiding).
  8153 | D:9      | 8153 ||| Stepping ~*~*~tactically~*~*~ (hiding).
  8411 | D:9      | 8411 ||| INVOKING Heroism.
  8474 | D:9      | 8474 ||| READING scroll labelled WUFUJI PYPN.
  8493 | D:10     | Entered Level 10 of the Dungeon
  8496 | D:10     | 8496 ||| INVOKING Heroism.
  8603 | D:10     | Found a staircase to the Lair.
  8646 | D:10     | 8646 ||| READING scroll of enchant weapon.
  8646 | D:10     | 8646 ||| ENCHANTING +3 war axe of freezing.
  8672 | D:10     | 8672 ||| Stepping ~*~*~tactically~*~*~ (stealth).
  8673 | D:10     | 8673 ||| Stepping ~*~*~tactically~*~*~ (stealth).
  8674 | D:10     | 8674 ||| INVOKING Heroism.
  8691 | D:10     | 8691 ||| Stepping ~*~*~tactically~*~*~ (hiding).
  8696 | D:10     | 8696 ||| Stepping ~*~*~tactically~*~*~ (hiding).
  8698 | D:10     | 8698 ||| Stepping ~*~*~tactically~*~*~ (hiding).
  8706 | D:10     | Reached skill level 11 in Axes
  8774 | D:10     | Reached skill level 9 in Fighting
  9005 | D:10     | 9005 ||| Stepping ~*~*~tactically~*~*~ (stealth).
  9096 | D:10     | Found a glowing golden altar of the Shining One.
  9305 | D:10     | Reached XP level 11. HP: 71/71 MP: 14/14
  9447 | D:10     | 9447 ||| PLANNING LAIR
  9447 | D:10     | 9447 ||| READING scroll labelled JAH BUMUENO.
  9510 | Lair:1   | Entered Level 1 of the Lair of Beasts
  9514 | Lair:1   | 9514 ||| STAIRDANCE
  9518 | D:10     | Reached **** piety under Okawaru
  9537 | Lair:1   | Received a gift from Okawaru
  9562 | Lair:1   | 9562 ||| DRINKING potion of mutation.
  9562 | Lair:1   | Lost mutation: Your muscles are strong. (Str +4, Int/Dex
                  | -1) [potion of mutation]
  9562 | Lair:1   | Lost mutation: You occasionally lose the ability to read
                  | scrolls when taking damage. [potion of mutation]
  9562 | Lair:1   | Lost mutation: Your body sometimes deteriorates upon taking
                  | damage. [potion of mutation]
  9562 | Lair:1   | Gained mutation: You are frail. (-10% HP) [potion of
                  | mutation]
  9818 | Lair:1   | 9818 ||| INVOKING Heroism.
  9849 | Lair:1   | 9849 ||| Stepping ~*~*~tactically~*~*~ (stealth).
  9879 | Lair:1   | 9879 ||| Stepping ~*~*~tactically~*~*~ (stealth).
  9881 | Lair:1   | 9881 ||| INVOKING Heroism.
  9886 | Lair:1   | Received a gift from Okawaru
  9887 | Lair:1   | Reached skill level 6 in Invocations
  9888 | Lair:1   | 9888 ||| Stepping ~*~*~tactically~*~*~ (stealth).
  9931 | Lair:1   | 9931 ||| Stepping ~*~*~tactically~*~*~ (stealth).
 10355 | Lair:1   | 10355 ||| DROPPING +1 pair of boots.
 10439 | Lair:2   | 10439 ||| INVOKING Heroism.
 10468 | Lair:2   | Noticed a four-headed hydra
 10471 | Lair:2   | 10471 ||| SWAPPING to +2 morningstar of venom.
 10474 | Lair:2   | Killed a four-headed hydra
 10474 | Lair:2   | Reached ***** piety under Okawaru
 10475 | Lair:2   | Reached skill level 12 in Axes
 10475 | Lair:2   | 10475 ||| SWAPPING to +4 war axe of freezing.
 10490 | Lair:2   | 10490 ||| Stepping ~*~*~tactically~*~*~ (stealth).
 10514 | Lair:2   | 10514 ||| Stepping ~*~*~tactically~*~*~ (hiding).
 10515 | Lair:2   | 10515 ||| Stepping ~*~*~tactically~*~*~ (hiding).
 10517 | Lair:2   | 10517 ||| Stepping ~*~*~tactically~*~*~ (hiding).
 10543 | Lair:2   | 10543 ||| INVOKING Heroism.
 10568 | Lair:2   | 10568 ||| INVOKING Heroism.
 10607 | Lair:2   | 10607 ||| INVOKING Heroism.
 10616 | Lair:2   | Reached skill level 6 in Shields
 10646 | Lair:2   | 10646 ||| INVOKING Heroism.
 10662 | Lair:2   | Reached XP level 12. HP: 50/68 MP: 16/18
 10697 | Lair:2   | 10697 ||| Stepping ~*~*~tactically~*~*~ (hiding).
 10699 | Lair:2   | 10699 ||| Stepping ~*~*~tactically~*~*~ (hiding).
 10701 | Lair:2   | 10701 ||| INVOKING Heroism.
 10743 | Lair:2   | 10743 ||| Stepping ~*~*~tactically~*~*~ (hiding).
 10773 | Lair:2   | Reached skill level 9 in Invocations
 10817 | Lair:2   | 10817 ||| INVOKING Heroism.
 10963 | Lair:2   | Noticed a six-headed hydra
 10964 | Lair:2   | 10964 ||| INVOKING Heroism.
 10965 | Lair:2   | 10965 ||| SWAPPING to +2 morningstar of venom.
 10966 | Lair:2   | 10966 ||| INVOKING Finesse.
 10970 | Lair:2   | Killed a six-headed hydra
 10971 | Lair:2   | 10971 ||| SWAPPING to +4 war axe of freezing.
 11140 | Lair:2   | Noticed a five-headed hydra
 11141 | Lair:2   | 11141 ||| INVOKING Heroism.
 11142 | Lair:2   | 11142 ||| SWAPPING to +2 morningstar of venom.
 11148 | Lair:2   | Killed a five-headed hydra
 11149 | Lair:2   | 11149 ||| SWAPPING to +4 war axe of freezing.
 11267 | Lair:2   | 11267 ||| Stepping ~*~*~tactically~*~*~ (hiding).
 11268 | Lair:2   | 11268 ||| Stepping ~*~*~tactically~*~*~ (stealth).
 11277 | Lair:2   | 11277 ||| INVOKING Heroism.
 11283 | Lair:2   | HP: 11/69 [culicivora (11)]
 11284 | Lair:2   | 11284 ||| READING 7 scrolls of teleportation.
 11285 | Lair:2   | 11285 ||| DRINKING 4 potions of heal wounds.
 11387 | Lair:2   | Found a hole to the Spider Nest.
 11468 | Lair:2   | 11468 ||| UPGRADING to amulet of the acrobat.
 11473 | Lair:2   | 11473 ||| UPGRADING to amulet of faith.
 11483 | Lair:2   | 11483 ||| READING 5 scrolls of identify.
 11483 | Lair:2   | 11483 ||| IDENTIFYING red potion
 11540 | Lair:3   | 11540 ||| INVOKING Heroism.
 11622 | Lair:3   | Reached skill level 13 in Axes
 11639 | Lair:3   | 11639 ||| Stepping ~*~*~tactically~*~*~ (stealth).
 11641 | Lair:3   | 11641 ||| Stepping ~*~*~tactically~*~*~ (stealth).
 11644 | Lair:3   | 11644 ||| INVOKING Heroism.
 11698 | Lair:3   | 11698 ||| INVOKING Heroism.
 11699 | Lair:3   | Identified the +4 broad axe "Niezxov" {protect, Fragile
                  | Will++ Int+4} (Okawaru gifted it to you on level 3 of the
                  | Lair of Beasts)
 11699 | Lair:3   | Received a gift from Okawaru
 11704 | Lair:3   | Reached XP level 13. HP: 68/73 MP: 17/20
 11723 | Lair:3   | Reached skill level 14 in Axes
 11740 | Lair:3   | Found a staircase to the Shoals.
 11757 | Lair:3   | 11757 ||| Stepping ~*~*~tactically~*~*~ (stealth).
 11759 | Lair:3   | 11759 ||| Stepping ~*~*~tactically~*~*~ (stealth).
 11781 | Lair:3   | Reached ****** piety under Okawaru
 11803 | Lair:3   | Received a gift from Okawaru
 11993 | Lair:3   | 11993 ||| DRINKING potion of mutation.
 11993 | Lair:3   | Lost mutation: You are frail. (-10% HP) [potion of
                  | mutation]
 11993 | Lair:3   | Lost mutation: Your natural rate of healing is unusually
                  | fast. [potion of mutation]
 11993 | Lair:3   | Gained mutation: You are dopey. (Int -2) [potion of
                  | mutation]
 11993 | Lair:3   | Gained mutation: You do not regenerate when monsters are
                  | visible. [potion of mutation]
 11993 | Lair:3   | Gained mutation: You have sharp fingernails. [potion of
                  | mutation]
 12061 | Lair:3   | 12061 ||| INVOKING Heroism.
 12416 | Lair:3   | 12416 ||| Stepping ~*~*~tactically~*~*~ (stealth).
 12514 | Lair:3   | 12514 ||| UPGRADING to +2 pair of boots of flying.
 12524 | Lair:3   | 12524 ||| DROPPING +1 pair of boots.
 12525 | Lair:3   | 12525 ||| UPGRADING to +0 cloak.
 12530 | Lair:3   | 12530 ||| UPGRADING to ring of resist corrosion.
 12568 | Lair:4   | Noticed Nessos
 12569 | Lair:4   | 12569 ||| INVOKING Heroism.
 12570 | Lair:4   | 12570 ||| INVOKING Finesse.
 12590 | Lair:4   | Killed Nessos
 12712 | Lair:4   | 12712 ||| INVOKING Heroism.
 12717 | Lair:4   | Reached skill level 9 in Armour
 12742 | Lair:4   | 12742 ||| Stepping ~*~*~tactically~*~*~ (stealth).
 12746 | Lair:4   | 12746 ||| Stepping ~*~*~tactically~*~*~ (stealth).
 12751 | Lair:4   | 12751 ||| Stepping ~*~*~tactically~*~*~ (stealth).
 12842 | Lair:4   | 12842 ||| Stepping ~*~*~tactically~*~*~ (stealth).
 12844 | Lair:4   | 12844 ||| Stepping ~*~*~tactically~*~*~ (stealth).
 12852 | Lair:4   | 12852 ||| Stepping ~*~*~tactically~*~*~ (stealth).
 12854 | Lair:4   | 12854 ||| Stepping ~*~*~tactically~*~*~ (stealth).
 12874 | Lair:4   | 12874 ||| Stepping ~*~*~tactically~*~*~ (stealth).
 12876 | Lair:4   | 12876 ||| Stepping ~*~*~tactically~*~*~ (stealth).
 12878 | Lair:4   | 12878 ||| Stepping ~*~*~tactically~*~*~ (stealth).
 12906 | Lair:4   | 12906 ||| INVOKING Heroism.
 12913 | Lair:4   | Reached skill level 15 in Axes
 12914 | Lair:4   | Identified the +5 chain mail of Doichil {-Tele Harm rElec
                  | rCorr} (Okawaru gifted it to you on level 4 of the Lair of
                  | Beasts)
 12914 | Lair:4   | Received a gift from Okawaru
 12923 | Lair:4   | Reached skill level 3 in Dodging
 13100 | Lair:4   | 13100 ||| Stepping ~*~*~tactically~*~*~ (stealth).
 13116 | Lair:4   | 13116 ||| Stepping ~*~*~tactically~*~*~ (stealth).
 13120 | Lair:4   | 13120 ||| Stepping ~*~*~tactically~*~*~ (stealth).
 13146 | Lair:4   | 13146 ||| Stepping ~*~*~tactically~*~*~ (stealth).
 13148 | Lair:4   | 13148 ||| Stepping ~*~*~tactically~*~*~ (stealth).
 13157 | Lair:4   | Found a viscous altar of Jiyva.
 13158 | Lair:4   | 13158 ||| Stepping ~*~*~tactically~*~*~ (stealth).
 13158 | Lair:4   | Found a staircase to the Slime Pits.
 13161 | Lair:4   | 13161 ||| Stepping ~*~*~tactically~*~*~ (stealth).
 13162 | Lair:4   | 13162 ||| Stepping ~*~*~tactically~*~*~ (stealth).
 13163 | Lair:4   | 13163 ||| Stepping ~*~*~tactically~*~*~ (stealth).
 13164 | Lair:4   | 13164 ||| Stepping ~*~*~tactically~*~*~ (stealth).
 13178 | Lair:4   | 13178 ||| Stepping ~*~*~tactically~*~*~ (stealth).
 13179 | Lair:4   | 13179 ||| INVOKING Heroism.
 13182 | Lair:4   | 13182 ||| INVOKING Finesse.
 13224 | Lair:4   | 13224 ||| INVOKING Heroism.
 13225 | Lair:4   | 13225 ||| INVOKING Finesse.
 13257 | Lair:4   | Gained mutation: Your large and strong wings let you fly.
                  | [Gargoyle growth]
 13257 | Lair:4   | Reached XP level 14. HP: 90/90 MP: 16/21
 13290 | Lair:4   | Found an iron altar of Okawaru.
 13664 | Lair:4   | 13664 ||| UPGRADING to ring of protection from fire.
 13666 | Lair:4   | 13666 ||| DROPPING ring of wizardry.
 13667 | Lair:4   | 13667 ||| READING scroll labelled RIGHUM HARIMUO.
 13772 | Lair:5   | Entered Level 5 of the Lair of Beasts
 13804 | Lair:5   | 13804 ||| Stepping ~*~*~tactically~*~*~ (stealth).
 13859 | Lair:5   | 13859 ||| Stepping ~*~*~tactically~*~*~ (stealth).
 13905 | Lair:5   | 13905 ||| Stepping ~*~*~tactically~*~*~ (stealth).
 13933 | Lair:5   | 13933 ||| Stepping ~*~*~tactically~*~*~ (stealth).
 13949 | Lair:5   | Reached skill level 12 in Fighting
 14002 | Lair:5   | 14002 ||| FLEEEEING.
 14008 | Lair:5   | 14008 ||| INVOKING Heroism.
 14009 | Lair:5   | 14009 ||| INVOKING Finesse.
 14173 | Lair:5   | 14173 ||| INVOKING Heroism.
 14174 | Lair:5   | 14174 ||| INVOKING Finesse.
 14178 | Lair:5   | 14178 ||| SWAPPING to +2 morningstar of venom.
 14182 | Lair:5   | 14182 ||| SWAPPING to +4 war axe of freezing.
 14207 | Lair:5   | 14207 ||| INVOKING Heroism.
 14211 | Lair:5   | 14211 ||| Stepping ~*~*~tactically~*~*~ (stealth).
 14235 | Lair:5   | Received a gift from Okawaru
 14251 | Lair:5   | Reached skill level 16 in Axes
 14467 | Lair:5   | 14467 ||| Stepping ~*~*~tactically~*~*~ (hiding).
 14469 | Lair:5   | 14469 ||| Stepping ~*~*~tactically~*~*~ (stealth).
 14470 | Lair:5   | 14470 ||| Stepping ~*~*~tactically~*~*~ (stealth).
 14471 | Lair:5   | 14471 ||| INVOKING Heroism.
 14472 | Lair:5   | 14472 ||| INVOKING Finesse.
 14479 | Lair:5   | Reached skill level 3 in Throwing
 14493 | Lair:5   | Received a gift from Okawaru
 14501 | Lair:5   | 14501 ||| Stepping ~*~*~tactically~*~*~ (stealth).
 14528 | Lair:5   | 14528 ||| INVOKING Heroism.
 14529 | Lair:5   | 14529 ||| INVOKING Finesse.
 14555 | Lair:5   | 14555 ||| SWAPPING to +2 morningstar of venom.
 14562 | Lair:5   | 14562 ||| SWAPPING to +4 war axe of freezing.
 14600 | Lair:5   | Identified the ring "Yhues" {rF+ MP+9}
 14609 | Lair:5   | Identified the ring "Toof" {+Blink Will+ AC+4}
 14632 | Lair:5   | Identified the +2 hand crossbow of Blind Justice {flame,
                  | rF+ rC+ Int-3} (Okawaru gifted it to you on level 5 of the
                  | Lair of Beasts)
 14632 | Lair:5   | Received a gift from Okawaru
 14638 | Lair:5   | 14638 ||| INVOKING Heroism.
 15050 | Lair:5   | 15050 ||| PLANNING D:1-11
 15050 | Lair:5   | 15050 ||| DROPPING ring of positive energy.
 15051 | Lair:5   | 15051 ||| DROPPING ring of fire.
 15052 | Lair:5   | 15052 ||| UPGRADING to ring "Toof" {+Blink Will+ AC+4}.
 15054 | Lair:5   | 15054 ||| READING scroll labelled SUTOYFRIVUA.
 15054 | Lair:5   | Identified a scroll of acquirement
 15054 | Lair:5   | 15054 ||| ACQUIRING 1179 gold pieces
 15054 | Lair:5   | Acquired 1179 gold pieces
 15275 | D:11     | Gained mutation: Your body sometimes deteriorates upon
                  | taking damage. [a neqoxec]
 15327 | D:11     | 15327 ||| Stepping ~*~*~tactically~*~*~ (hiding).
 15329 | D:11     | 15329 ||| Stepping ~*~*~tactically~*~*~ (hiding).
 15334 | D:11     | 15334 ||| Stepping ~*~*~tactically~*~*~ (hiding).
 15335 | D:11     | 15335 ||| Stepping ~*~*~tactically~*~*~ (hiding).
 15375 | D:11     | 15375 ||| INVOKING Heroism.
 15385 | D:11     | Found a staircase to the Orcish Mines.
 15668 | D:11     | 15668 ||| DRINKING potion of mutation.
 15668 | D:11     | Lost mutation: Your body sometimes deteriorates upon taking
                  | damage. [potion of mutation]
 15668 | D:11     | Lost mutation: You have sharp fingernails. [potion of
                  | mutation]
 15668 | D:11     | Lost mutation: You are dopey. (Int -2) [potion of mutation]
 15668 | D:11     | Gained mutation: Your magical capacity is low. (-10% MP)
                  | [potion of mutation]
 15668 | D:11     | Gained mutation: You have hidden genetic potential. [potion
                  | of mutation]
 15780 | D:11     | Noticed Grum
 15781 | D:11     | 15781 ||| Stepping ~*~*~tactically~*~*~ (stealth).
 15783 | D:11     | 15783 ||| Stepping ~*~*~tactically~*~*~ (stealth).
 15788 | D:11     | 15788 ||| INVOKING Heroism.
 15789 | D:11     | 15789 ||| INVOKING Finesse.
 15794 | D:11     | Killed Grum
 15884 | D:11     | 15884 ||| Stepping ~*~*~tactically~*~*~ (hiding).
 15887 | D:11     | 15887 ||| Stepping ~*~*~tactically~*~*~ (hiding).
 15909 | D:11     | Noticed Snorg
 15910 | D:11     | 15910 ||| INVOKING Heroism.
 15922 | D:11     | Killed Snorg
 15922 | D:11     | Received a gift from Okawaru
 16019 | D:11     | 16019 ||| INVOKING Heroism.
 16366 | D:11     | 16366 ||| PLANNING D
 16474 | D:12     | Reached XP level 15. HP: 97/97 MP: 20/20
 16521 | D:12     | Found a portal to a secret trove of treasure.
 16522 | D:12     | Noticed Lodul
 16523 | D:12     | 16523 ||| Stepping ~*~*~tactically~*~*~ (hiding).
 16538 | D:12     | Killed Lodul
 16638 | D:12     | Reached skill level 6 in Throwing
 16640 | D:12     | 16640 ||| Stepping ~*~*~tactically~*~*~ (hiding).
 16641 | D:12     | 16641 ||| Stepping ~*~*~tactically~*~*~ (hiding).
 16643 | D:12     | 16643 ||| Stepping ~*~*~tactically~*~*~ (hiding).
 16644 | D:12     | 16644 ||| Stepping ~*~*~tactically~*~*~ (hiding).
 16646 | D:12     | 16646 ||| Stepping ~*~*~tactically~*~*~ (hiding).
 16647 | D:12     | 16647 ||| Stepping ~*~*~tactically~*~*~ (hiding).
 16649 | D:12     | 16649 ||| Stepping ~*~*~tactically~*~*~ (hiding).
 16701 | D:12     | Received a gift from Okawaru
 16967 | D:12     | 16967 ||| DROPPING amulet of the acrobat.
 16968 | D:12     | 16968 ||| READING 9 scrolls of identify.
 16968 | D:12     | 16968 ||| IDENTIFYING fizzy cyan potion
 16969 | D:12     | 16969 ||| DROPPING potion of invisibility.
 17105 | D:13     | 17105 ||| Stepping ~*~*~tactically~*~*~ (hiding).
 17106 | D:13     | 17106 ||| Stepping ~*~*~tactically~*~*~ (hiding).
 17204 | D:13     | 17204 ||| INVOKING Heroism.
 17377 | D:13     | 17377 ||| Stepping ~*~*~tactically~*~*~ (hiding).
 17566 | D:13     | 17566 ||| Stepping ~*~*~tactically~*~*~ (stealth).
 17658 | D:13     | 17658 ||| Stepping ~*~*~tactically~*~*~ (stealth).
 17674 | D:13     | 17674 ||| Stepping ~*~*~tactically~*~*~ (stealth).
 17675 | D:13     | 17675 ||| Stepping ~*~*~tactically~*~*~ (stealth).
 17678 | D:13     | 17678 ||| Stepping ~*~*~tactically~*~*~ (stealth).
 17757 | D:13     | Found a gate to the Vaults.
 17924 | D:13     | 17924 ||| UPGRADING to +0 kite shield.
 17934 | D:13     | 17934 ||| DROPPING +0 buckler.
 17935 | D:13     | 17935 ||| READING scroll labelled CEIVUCS DYLE.
 17941 | D:14     | 17941 ||| PLANNING GAUNTLET
 17970 | D:14     | 17970 ||| Stepping ~*~*~tactically~*~*~ (hiding).
 17973 | D:14     | 17973 ||| Stepping ~*~*~tactically~*~*~ (hiding).
 17985 | D:14     | Identified the +1 robe "Lopses" {Int+3} (Okawaru gifted it
                  | to you on level 14 of the Dungeon)
 17985 | D:14     | Received a gift from Okawaru
 18041 | D:14     | Found a gate leading to a gauntlet.
 18043 | D:14     | 18043 ||| INVOKING Heroism.
 18059 | D:14     | HP: 23/98 [skeletal warrior/+2 glaive of protection (12)]
 18060 | D:14     | 18060 ||| READING 10 scrolls of teleportation.
 18061 | D:14     | 18061 ||| DRINKING 6 potions of heal wounds.
 18114 | D:14     | 18114 ||| FLEEEEING.
 18115 | D:14     | 18115 ||| FLEEEEING.
 18116 | D:14     | 18116 ||| FLEEEEING.
 18117 | D:14     | 18117 ||| FLEEEEING.
 18118 | D:14     | 18118 ||| FLEEEEING.
 18119 | D:14     | 18119 ||| FLEEEEING.
 18120 | D:14     | 18120 ||| FLEEEEING.
 18121 | D:14     | 18121 ||| FLEEEEING.
 18122 | D:14     | 18122 ||| FLEEEEING.
 18123 | D:14     | 18123 ||| FLEEEEING.
 18124 | D:14     | 18124 ||| INVOKING Heroism.
 18130 | D:14     | Reached skill level 9 in Shields
 18360 | Gauntlet | Entered a Gauntlet
 18360 | Gauntlet | Found a transporter.
 18360 | Gauntlet | Found a transporter.
 18366 | Gauntlet | Found a transporter.
 18379 | Gauntlet | Found a transporter.
 18398 | Gauntlet | Found a transporter.
 18398 | Gauntlet | Found a transporter.
 18398 | Gauntlet | Found a transporter.
 18401 | Gauntlet | Found a transporter.
 18401 | Gauntlet | Found a transporter.
 18416 | Gauntlet | Found a transporter.
 18432 | Gauntlet | Found a transporter.
 18442 | Gauntlet | Found a transporter.
 18459 | Gauntlet | Found a transporter.
 18477 | Gauntlet | Found a transporter.
 18510 | Gauntlet | 18510 ||| INVOKING Heroism.
 18511 | Gauntlet | 18511 ||| SWAPPING to +2 morningstar of venom.
 18519 | Gauntlet | 18519 ||| SWAPPING to +4 war axe of freezing.
 18566 | Gauntlet | 18566 ||| DRINKING potion of mutation.
 18566 | Gauntlet | Lost mutation: You have hidden genetic potential. [potion
                  | of mutation]
 18566 | Gauntlet | Lost mutation: Your magical capacity is low. (-10% MP)
                  | [potion of mutation]
 18566 | Gauntlet | Gained mutation: Potions are less effective at restoring
                  | your health. [potion of mutation]
 18566 | Gauntlet | Gained mutation: You have a pair of small horns on your
                  | head. [potion of mutation]
 18579 | Gauntlet | 18579 ||| DROPPING +0 helmet.
 18580 | Gauntlet | 18580 ||| DROPPING amulet of regeneration.
 18783 | Gauntlet | 18783 ||| UPGRADING to +1 cloak of stealth.
 18793 | Gauntlet | 18793 ||| DROPPING +0 cloak.
 18802 | Gauntlet | 18802 ||| INVOKING Heroism.
 18887 | Gauntlet | Identified the +9 plate armour of Servitude {rC+}
 18960 | Gauntlet | 18960 ||| UPGRADING to +9 plate armour of Servitude {rC+}.
 18970 | Gauntlet | 18970 ||| DROPPING +9 chain mail of Irider {rPois rN+
                  | Int+2}.
 18971 | Gauntlet | 18971 ||| DROPPING +9 plate armour of ponderousness.
 18976 | D:14     | 18976 ||| PLANNING D
 18981 | D:14     | 18981 ||| Stepping ~*~*~tactically~*~*~ (hiding).
 19003 | D:14     | 19003 ||| Stepping ~*~*~tactically~*~*~ (hiding).
 19109 | D:14     | 19109 ||| Stepping ~*~*~tactically~*~*~ (stealth).
 19118 | D:14     | 19118 ||| INVOKING Heroism.
 19119 | D:14     | 19119 ||| SWAPPING to +2 morningstar of venom.
 19120 | D:14     | 19120 ||| INVOKING Finesse.
 19126 | D:14     | 19126 ||| SWAPPING to +4 war axe of freezing.
 19247 | D:14     | 19247 ||| Stepping ~*~*~tactically~*~*~ (stealth).
 19255 | D:14     | 19255 ||| INVOKING Heroism.
 19454 | D:14     | 19454 ||| INVOKING Heroism.
 19455 | D:14     | 19455 ||| SWAPPING to +2 morningstar of venom.
 19459 | D:14     | 19459 ||| SWAPPING to +4 war axe of freezing.
 19501 | D:14     | 19501 ||| INVOKING Heroism.
 19533 | D:14     | 19533 ||| Stepping ~*~*~tactically~*~*~ (hiding).
 19565 | D:14     | 19565 ||| Stepping ~*~*~tactically~*~*~ (stealth).
 19571 | D:14     | 19571 ||| Stepping ~*~*~tactically~*~*~ (stealth).
 19573 | D:14     | 19573 ||| Stepping ~*~*~tactically~*~*~ (hiding).
 19576 | D:14     | 19576 ||| Stepping ~*~*~tactically~*~*~ (hiding).
 19578 | D:14     | 19578 ||| Stepping ~*~*~tactically~*~*~ (hiding).
 19579 | D:14     | 19579 ||| Stepping ~*~*~tactically~*~*~ (hiding).
 20017 | D:14     | 20017 ||| Stepping ~*~*~tactically~*~*~ (hiding).
 20034 | D:14     | 20034 ||| Stepping ~*~*~tactically~*~*~ (hiding).
 20037 | D:14     | 20037 ||| INVOKING Heroism.
 20040 | D:14     | Reached skill level 12 in Shields
 20040 | D:14     | 20040 ||| FLEEEEING.
 20042 | D:14     | 20042 ||| FLEEEEING.
 20043 | D:14     | 20043 ||| FLEEEEING.
 20045 | D:14     | 20045 ||| FLEEEEING.
 20046 | D:14     | 20046 ||| FLEEEEING.
 20047 | D:14     | 20047 ||| FLEEEEING.
 20048 | D:14     | 20048 ||| FLEEEEING.
 20049 | D:14     | 20049 ||| FLEEEEING.
 20050 | D:14     | 20050 ||| FLEEEEING.
 20051 | D:14     | 20051 ||| FLEEEEING.
 20052 | D:14     | 20052 ||| FLEEEEING.
 20053 | D:14     | 20053 ||| FLEEEEING.
 20328 | D:14     | 20328 ||| INVOKING Heroism.
 20332 | D:14     | Received a gift from Okawaru
 20334 | D:14     | 20334 ||| SWAPPING to +2 morningstar of venom.
 20350 | D:14     | 20350 ||| SWAPPING to +4 war axe of freezing.
 20510 | D:14     | Identified the staff of the Irksome God {rC+ Str+5 Ice}
 20659 | D:15     | Entered Level 15 of the Dungeon
 20691 | D:15     | 20691 ||| Stepping ~*~*~tactically~*~*~ (hiding).
 20697 | D:15     | Reached XP level 16. HP: 104/104 MP: 23/23
 20806 | D:15     | Found Oxuvoadwi's Book Emporium.
 20967 | D:15     | Found a staircase to the Depths.
 21022 | D:15     | 21022 ||| Stepping ~*~*~tactically~*~*~ (stealth).
 21023 | D:15     | 21023 ||| INVOKING Heroism.
 21031 | D:15     | Received a gift from Okawaru
 21043 | D:15     | Reached skill level 12 in Armour
 21188 | D:15     | 21188 ||| Stepping ~*~*~tactically~*~*~ (stealth).
 21189 | D:15     | 21189 ||| Stepping ~*~*~tactically~*~*~ (stealth).
 21287 | D:15     | 21287 ||| INVOKING Heroism.
 21288 | D:15     | 21288 ||| INVOKING Finesse.
 21351 | D:15     | Identified the +1 great mace of the Postmodern Knives
                  | {freeze, SInv}
 21478 | D:15     | 21478 ||| INVOKING Heroism.
 21494 | D:15     | Received a gift from Okawaru
 21770 | D:15     | 21770 ||| Stepping ~*~*~tactically~*~*~ (stealth).
 21774 | D:15     | 21774 ||| INVOKING Heroism.
 21778 | D:15     | 21778 ||| SWAPPING to +2 morningstar of venom.
 21783 | D:15     | 21783 ||| SWAPPING to +4 war axe of freezing.
 21868 | D:15     | 21868 ||| PLANNING ORC
 21948 | Orc:1    | Entered Level 1 of the Orcish Mines
 21953 | Orc:1    | Received a gift from Okawaru
 22171 | Orc:2    | Entered Level 2 of the Orcish Mines
 22205 | Orc:2    | Found a staircase to the Elven Halls.
 22217 | Orc:2    | 22217 ||| Stepping ~*~*~tactically~*~*~ (hiding).
 22219 | Orc:2    | 22219 ||| Stepping ~*~*~tactically~*~*~ (hiding).
 22220 | Orc:2    | 22220 ||| Stepping ~*~*~tactically~*~*~ (hiding).
 22234 | Orc:2    | 22234 ||| Stepping ~*~*~tactically~*~*~ (stealth).
 22245 | Orc:2    | 22245 ||| Stepping ~*~*~tactically~*~*~ (hiding).
 22279 | Orc:2    | Found Fouz's Assorted Antiques.
 22287 | Orc:2    | 22287 ||| BUYING 3 scrolls of teleportation (180 gold).
 22287 | Orc:2    | Bought 3 scrolls of teleportation for 180 gold pieces
 22287 | Orc:2    | 22287 ||| BUYING potion of curing (60 gold).
 22287 | Orc:2    | Bought a potion of curing for 60 gold pieces
 22287 | Orc:2    | 22287 ||| BUYING potion of lignification (60 gold).
 22287 | Orc:2    | Bought a potion of lignification for 60 gold pieces
 22305 | Orc:2    | 22305 ||| Stepping ~*~*~tactically~*~*~ (stealth).
 22311 | Orc:2    | 22311 ||| Stepping ~*~*~tactically~*~*~ (stealth).
 22321 | Orc:2    | Received a gift from Okawaru
 22327 | Orc:2    | 22327 ||| INVOKING Heroism.
 22350 | Orc:2    | Received a gift from Okawaru
 22353 | Orc:2    | HP: 26/106 [two-headed ogre/+0 giant spiked club (4)]
 22354 | Orc:2    | 22354 ||| READING 14 scrolls of teleportation.
 22355 | Orc:2    | 22355 ||| DRINKING 5 potions of heal wounds.
 22356 | Orc:2    | 22356 ||| DRINKING 4 potions of heal wounds.
 22357 | Orc:2    | 22357 ||| DRINKING 3 potions of heal wounds.
 22391 | Orc:2    | 22391 ||| Stepping ~*~*~tactically~*~*~ (stealth).
 22392 | Orc:2    | 22392 ||| FLEEEEING.
 22393 | Orc:2    | 22393 ||| INVOKING Heroism.
 22397 | Orc:2    | 22397 ||| FLEEEEING.
 22401 | Orc:2    | 22401 ||| STAIRDANCE
 22606 | Orc:2    | 22606 ||| Stepping ~*~*~tactically~*~*~ (stealth).
 22684 | Orc:2    | 22684 ||| INVOKING Heroism.
 22715 | Orc:2    | 22715 ||| FLEEEEING.
 22740 | Orc:2    | 22740 ||| FLEEEEING.
 22741 | Orc:2    | 22741 ||| FLEEEEING.
 22746 | Orc:2    | 22746 ||| STAIRDANCE
 22799 | Orc:2    | 22799 ||| Stepping ~*~*~tactically~*~*~ (stealth).
 22800 | Orc:2    | 22800 ||| Stepping ~*~*~tactically~*~*~ (stealth).
 22805 | Orc:2    | 22805 ||| Stepping ~*~*~tactically~*~*~ (stealth).
 22902 | Orc:2    | 22902 ||| Stepping ~*~*~tactically~*~*~ (stealth).
 22914 | Orc:2    | 22914 ||| INVOKING Heroism.
 22926 | Orc:2    | 22926 ||| Stepping ~*~*~tactically~*~*~ (stealth).
 22927 | Orc:2    | 22927 ||| Stepping ~*~*~tactically~*~*~ (stealth).
 22939 | Orc:2    | 22939 ||| Stepping ~*~*~tactically~*~*~ (stealth).
 22981 | Orc:2    | 22981 ||| Stepping ~*~*~tactically~*~*~ (stealth).
 22982 | Orc:2    | 22982 ||| Stepping ~*~*~tactically~*~*~ (stealth).
 23057 | Orc:2    | Found Awichysa's Armour Boutique.
 23057 | Orc:2    | Found Ynutuakh's Weapon Shoppe.
 23061 | Orc:2    | Found Keicaki's Assorted Antiques.
 23061 | Orc:2    | Found Iwnithru's Antique Armour Boutique.
 23066 | Orc:2    | 23066 ||| Stepping ~*~*~tactically~*~*~ (hiding).
 23067 | Orc:2    | 23067 ||| Stepping ~*~*~tactically~*~*~ (hiding).
 23068 | Orc:2    | 23068 ||| Stepping ~*~*~tactically~*~*~ (hiding).
 23069 | Orc:2    | 23069 ||| INVOKING Heroism.
 23099 | Orc:2    | 23099 ||| BUYING scroll labelled GIL FUXTAM TIY (24 gold).
 23099 | Orc:2    | Bought a scroll labelled GIL FUXTAM TIY for 24 gold pieces
 23100 | Orc:2    | 23100 ||| BUYING +2 cloak (264 gold).
 23100 | Orc:2    | Bought a +2 cloak for 264 gold pieces
 23102 | Orc:2    | 23102 ||| BUYING pair of runed gloves (195 gold).
 23102 | Orc:2    | Bought a pair of runed gloves for 195 gold pieces
 23151 | Orc:2    | 23151 ||| Stepping ~*~*~tactically~*~*~ (stealth).
 23152 | Orc:2    | 23152 ||| Stepping ~*~*~tactically~*~*~ (stealth).
 23153 | Orc:2    | 23153 ||| Stepping ~*~*~tactically~*~*~ (stealth).
 23154 | Orc:2    | 23154 ||| Stepping ~*~*~tactically~*~*~ (stealth).
 23224 | Orc:2    | 23224 ||| UPGRADING to +2 cloak.
 23234 | Orc:2    | 23234 ||| DROPPING +1 cloak of stealth.
 23235 | Orc:2    | 23235 ||| UPGRADING to +1 pair of gloves of strength.
 23245 | Orc:2    | 23245 ||| DROPPING +0 pair of gloves.
 23246 | Orc:2    | 23246 ||| READING scroll labelled GIL FUXTAM TIY.
 23504 | Orc:2    | 23504 ||| PLANNING SPIDER:1-3
 23724 | Spider:1 | Entered Level 1 of the Spider Nest
 23727 | Spider:1 | 23727 ||| STAIRDANCE
 23746 | Spider:1 | 23746 ||| STAIRDANCE
 23817 | Spider:1 | 23817 ||| STAIRDANCE
 23826 | Lair:2   | 23826 ||| INVOKING Heroism.
 23925 | Spider:1 | 23925 ||| STAIRDANCE
 23928 | Lair:2   | 23928 ||| INVOKING Heroism.
 24037 | Spider:1 | 24037 ||| DRINKING potion of mutation.
 24037 | Spider:1 | Lost mutation: You have a pair of small horns on your head.
                  | [potion of mutation]
 24037 | Spider:1 | Lost mutation: You do not regenerate when monsters are
                  | visible. [potion of mutation]
 24037 | Spider:1 | Lost mutation: Potions are less effective at restoring your
                  | health. [potion of mutation]
 24037 | Spider:1 | Gained mutation: You possess an exceptional clarity of
                  | mind. [potion of mutation]
 24037 | Spider:1 | Gained mutation: You occasionally shout uncontrollably at
                  | your foes. [potion of mutation]
 24037 | Spider:1 | Gained mutation: You are strong-willed. (Will+) [potion of
                  | mutation]
 24039 | Spider:1 | 24039 ||| Stepping ~*~*~tactically~*~*~ (stealth).
 24042 | Spider:1 | 24042 ||| Stepping ~*~*~tactically~*~*~ (hiding).
 24049 | Spider:1 | 24049 ||| INVOKING Heroism.
 24076 | Spider:1 | 24076 ||| INVOKING Finesse.
 24086 | Spider:1 | 24086 ||| INVOKING Heroism.
 24113 | Spider:1 | 24113 ||| FLEEEEING.
 24122 | Spider:1 | HP: 26/107 [wolf spider[a torpor snail] (5)]
 24123 | Spider:1 | 24123 ||| READING 13 scrolls of teleportation.
 24124 | Spider:1 | 24124 ||| DRINKING 2 potions of heal wounds.
 24125 | Spider:1 | 24125 ||| DRINKING potion of heal wounds.
 24126 | Spider:1 | 24126 ||| INVOKING Heroism.
 24131 | Spider:1 | HP: 25/107 [demonic crawler (8)]
 24132 | Spider:1 | 24132 ||| READING 12 scrolls of teleportation.
 24136 | Spider:1 | HP: 15/107 [demonic crawler (3)]
 24137 | Spider:1 | Reached skill level 15 in Fighting
 24137 | Spider:1 | Reached XP level 17. HP: 16/113 MP: 20/24
 24138 | Spider:1 | 24138 ||| Stepping ~*~*~tactically~*~*~ (hiding).
 24139 | Spider:1 | 24139 ||| READING 11 scrolls of teleportation.
 24140 | Spider:1 | HP: 3/113 [meliai/divine providence (14)]
 24141 | Spider:1 | Killed from afar by a meliai

Levels and vault maps discovered:
D:1:      spicycebolla_arrival_xxxplode, layout_basic, serial_shops, shop,
          nicolae_nh_oracle_at_delphi
D:2:      minmay_skewed_foursquare, layout_basic, serial_forest,
          infiniplex_forest_lined_room_2, infiniplex_forest_clump_double,
          infiniplex_forest_end_2, infiniplex_forest_lined_corner,
          infiniplex_forest_straight_3, infiniplex_forest_zigzag_1,
          infiniplex_forest_corner_2, infiniplex_forest_join,
          infiniplex_forest_end_1, infiniplex_forest_clump_small, basic_altar,
          kennysheep_generic_room_10
D:3:      layout_loops_ring, uniq_robin
D:4:      layout_loops_ring, minmay_temple_entry_purple_smoke, enter_ossuary_2
D:5:      layout_loops_cross, lemuel_coloured_pillars_altar, tgw_trog,
          okawaru_altar_gauntlet_db, cheibrodos_ashenzari_chains,
          uniq_blork_the_orc, uniq_edmund
D:6:      layout_loops_ring, kennysheep_orc_sif_temple,
          mainiacjoe_overflow_concentric_impassable, serial_shops,
          nicolae_shop_drivethru, serial_park_tiny_1, minmay_misc_feat_encased,
          minmay_checkerbox
D:7:      layout_loops_corners, grunt_temple_overflow_gold_and_silver,
          nemelex_xobeh_ov_fountains_minmay
D:8:      layout_loops_ring, general_overflow_altar, kennysheep_mini,
          minmay_misc_feat_nine_boxes, amcnicky_mini_pool_small,
          small_statue_intersection, kennysheep_flooded_box
D:9:      layout_irregular_city, nicolae_overflow_crystal_walls
D:10:     layout_loops_corners, mainiacjoe_overflow_alcove_4, lair_entry_dummy,
          minmay_misc_feat_tower
D:11:     nrook_guardian_serpent_snake_passage, layout_irregular_city,
          erik_orc_1, uniq_grum, uniq_snorg
D:12:     layout_rooms, nicolae_trove_entry_crossroad, minmay_misc_feat_five,
          uniq_lodul
D:13:     layout_basic, ximxim_vaults_locker_room
D:14:     minmay_the_grid_3x2 [minmay_the_grid_armoury,
          minmay_the_grid_outer_diamond, minmay_the_grid_expand,
          minmay_the_grid_medium_cups, minmay_the_grid_dragon_b,
          minmay_the_grid_prize_trominoes], layout_irregular_city,
          gauntlet_entry_generic, hangedman_decor_push
D:15:     grunt_enter_depths_magical_seal, layout_basic, nicolae_the_louvre,
          dreamdust_princess_bridge, nicolae_inconvenience_store,
          lemuel_flamethrower_1
Lair:1:   layout_cave_pods, serial_bayou_ford_a
Lair:2:   layout_long_grid, spider_nest_entry_funnel_web
Lair:3:   layout_loops_ring, elwin_shoals_entry_stream, grunt_megastairs_3,
          serial_bayou_shore_a, lemuel_fruit_fields, serial_bayou_shore_b,
          lemuel_fruit_tree, lemuel_fruit_fields
Lair:4:   layout_misc_corridors, minmay_slime_entry_pillars, basic_altar,
          grunt_megastairs_5, uniq_nessos
Lair:5:   grunt_lair_end_beastmaster, layout_regular_city
Spider:1: layout_spider_delve
Orc:1:    layout_caves
Orc:2:    st_orc_ogre_mass, layout_caves, serial_shops, shop

Skill      XL: |  1  2  3  4  5  6  7  8  9 10 11 12 13 14 15 16 |
---------------+-------------------------------------------------+-----
Axes           | 2 3 4 5 6 8 10 11 12 13 15 16 | 16.0
Invocations    | 2 4 8 10 | 10.0
Fighting       | 4 6 7 9 10 11 12 13 15 | 15.0
Dodging        | 1 2 3 |  3.3
Armour         | 4 5 6 7 8 10 11 13 | 13.0
Throwing       | 1 2 5 7 |  7.9
Shields        | 4 5 6 7 8 13 14 | 14.0

Action                     |  1- 3 |  4- 6 |  7- 9 | 10-12 | 13-15 | 16-18 || total
---------------------------+-------+-------+-------+-------+-------+-------++-------
  Melee: War axe           |    88 |   122 |   328 |   367 |   906 |   350 ||  2161
         Morningstar       |       |       |       |    13 |    39 |     4 ||    56
         Headbutt          |       |       |       |       |    50 |    54 ||   104
  Throw: Boomerang         |       |    37 |    56 |    89 |    25 |    63 ||   270
         Javelin           |       |       |       |     2 |    85 |    57 ||   144
 Invoke: Heroism           |       |     4 |    13 |    20 |    27 |    14 ||    78
         Finesse           |       |       |       |     1 |     9 |     2 ||    12
    Use: Scroll            |     2 |     7 |     7 |     6 |     5 |     5 ||    32
         Potion            |       |     4 |     5 |     2 |     4 |     6 ||    21
 Armour: Scale mail        |    44 |    64 |    69 |       |       |       ||   177
         Chain mail        |       |       |   123 |   293 |   446 |       ||   862
         Plate armour      |       |       |       |       |    89 |   296 ||   385
  Dodge: Dodged            |    47 |    50 |   116 |   164 |   242 |   135 ||   754
  Block: Buckler           |    12 |    23 |    68 |    95 |   141 |       ||   339
         Kite shield       |       |       |       |       |   114 |   245 ||   359

Table legend:
 A = Non-vault XP
 B = Vault XP
 C = Vault XP percentage of total XP
 D = Non-vault monster count
 E = Vault monster count
 F = Vault count percentage of total count
                 A         B        C        D         E       F
            +---------+---------+-------+---------+---------+-------
      Total |  118091 |   64469 |  35.3 |     514 |     218 |  29.8
            +---------+---------+-------+---------+---------+-------
        D:1 |      38 |       2 |   5.0 |      19 |       2 |   9.5
        D:2 |      39 |       9 |  18.8 |       9 |       5 |  35.7
        D:3 |      58 |      35 |  37.6 |      19 |      11 |  36.7
        D:4 |     340 |       0 |   0.0 |      14 |       0 |   0.0
        D:5 |     594 |     294 |  33.1 |      16 |      13 |  44.8
        D:6 |     821 |     390 |  32.2 |      20 |       8 |  28.6
        D:7 |    1088 |       0 |   0.0 |      23 |       0 |   0.0
        D:8 |     953 |       0 |   0.0 |      18 |       0 |   0.0
        D:9 |    2520 |       0 |   0.0 |      21 |       0 |   0.0
       D:10 |    2281 |       0 |   0.0 |      19 |       0 |   0.0
       D:11 |    4796 |    2971 |  38.3 |      17 |      24 |  58.5
       D:12 |    5276 |    1466 |  21.7 |       8 |       7 |  46.7
       D:13 |    5184 |    2695 |  34.2 |      17 |      10 |  37.0
       D:14 |   12265 |   11845 |  49.1 |      22 |      21 |  48.8
       D:15 |    9814 |    4530 |  31.6 |      14 |      10 |  41.7
     Lair:1 |    4688 |       0 |   0.0 |      24 |       0 |   0.0
     Lair:2 |   11955 |    1069 |   8.2 |      37 |       5 |  11.9
     Lair:3 |   10235 |    5418 |  34.6 |      44 |      18 |  29.0
     Lair:4 |   12093 |    3539 |  22.6 |      41 |      13 |  24.1
     Lair:5 |   15128 |    7526 |  33.2 |      36 |      16 |  30.8
   Spider:1 |   12537 |       0 |   0.0 |      33 |       0 |   0.0
      Orc:1 |    1585 |       0 |   0.0 |      17 |       0 |   0.0
      Orc:2 |    3803 |   18401 |  82.9 |      26 |      41 |  61.2
   Gauntlet |       0 |    4279 | 100.0 |       0 |      14 | 100.0
            +---------+---------+-------+---------+---------+-------
